AoeStats
← cihuncihome

African Clearing

510321994Analyzed
4v4 RM · 22h ago on Sep 30, 2026· 34m 46s· 8 players
Game mode
Random Map
Map size
Large (8 player)
Population
200
Speed
Normal
Resources
Standard
Victory
Conquest
Starting age
Dark Age
Ending age
Imperial Age
RankedLock teamsTeams togetherTeam positionsShared explorationLock speedFull tech treeHidden civsTurbo modeCheats
Victory
Defeat
🇪🇸 Ethiopians · Spain
1120
+15
🇨🇳 Huns · China
1106
+16
🇨🇳 Wu · China
1071
+17
🇨🇳 Mongols · China
1013
+20
🇹🇼 Mongols · Taiwan
1120
-18
1099
-17
🇻🇳 Huns · Vietnam
1091
-17
🇹🇼 Varangians · Taiwan
1079
-16
bearwilson2001
4:54 Loom
12:42 Feudal Age
13:55 Double-Bit Axe
16:24 Fletching
21:07 Castle Age
19:57 Gold Mining
20:09 Padded Archer Armor
21:53 Bodkin Arrow
22:49 Bow Saw
24:56 Horse Collar
focuzng
3:39 Loom
11:58 Feudal Age
18:31 Castle Age
16:33 Double-Bit Axe
18:48 Light Cavalry
19:57 Bloodlines
20:03 Husbandry
21:02 Forging
Be optimistic for the new day
17:09 Feudal Age
22:52 Castle Age
30:07 Double-Bit Axe
30:09 Horse Collar
31:23 Bow Saw
33:16 Gold Mining
Zuppi Mi
6:47 Loom
13:49 Feudal Age
20:19 Scale Barding Armor
20:48 Bloodlines
24:06 Double-Bit Axe
25:35 Fishing Lines
29:25 Castle Age
28:35 Stone Mining
31:24 Light Cavalry
34:06 Chain Barding Armor
DOM
5:28 Loom
14:59 Feudal Age
16:36 Double-Bit Axe
18:41 Fletching
21:20 Castle Age
21:43 Crossbowman
27:34 Fletching
28:26 Town Watch
30:39 Bodkin Arrow
31:42 Padded Archer Armor
32:18 Horse Collar
33:18 Wheelbarrow
35:00 Thumb Ring
Hao
15:25 Feudal Age
21:03 Castle Age
19:24 Loom
19:42 Horse Collar
20:37 Double-Bit Axe
22:23 Scale Mail Armor
22:36 Forging
22:31 Squires
26:28 Gold Mining
29:30 Chain Mail Armor
请拨打110
5:04 Loom
13:58 Feudal Age
18:10 Castle Age
17:01 Fletching
18:16 Double-Bit Axe
25:43 Wheelbarrow
26:30 Bow Saw
29:24 Hand Cart
29:36 Horse Collar
34:57 Heavy Plow
35:13 Thumb Ring
cihuncihome
5:50 Loom
15:42 Feudal Age
22:29 Castle Age
22:30 Double-Bit Axe
Connection lost

Rejoining the realm…

Still unreachable

The connection could not be restored.

Session expired

The server has moved on; the page needs a fresh start.